 Dungeon Sprint DCSS version 0.29-a0-520-gc852659d43 (webtiles) character file.

Game seed: 2357595386143052657

263188 jt the Convoker (level 11, 50/50 HPs)
             Began as a Felid Summoner on May 31, 2022.
             Was an Initiate of Gozag.
             Escaped with the Orb!
             The game lasted 00:29:06 (3516 turns).

jt the Convoker (Felid Summoner)                    Turns: 3516, Time: 00:29:06

Health: 50/50      AC:  2    Str:  4    XL:     11   Next: 19%
Magic:  33/33      EV: 25    Int: 27    God:    Gozag
Gold:   821        SH:  0    Dex: 21    Spells: 23/44 levels left
                                        Lives:  1   Deaths: 1

rFire   + . .      SeeInvis +     - Unarmed
rCold   . . .      Faith    .   (shield unavailable)
rNeg    . . .      Spirit   .   (body armour unavailable)
rPois   .          Reflect  .   (helmet unavailable)
rElec   .          Harm     .   (cloak unavailable)
rCorr   .          Rampage  .   (gloves unavailable)
Will    +....      NoTele   +   (boots unavailable)
Stlth   +.........              v - amulet of the acrobat
HPRegen 0.16/turn               k - ring of Zuotit {Int+6 Dex+4}
MPRegen 0.23/turn               s - ring of protection from fire

@: bribing [the Dungeon], quick
A: very small, claws 1, fangs 3, see invisible, speed 1, shaggy fur 2, stealthy
paws, no weapons or thrown items, no armour, multi-lived
0: Orb of Zot
a: Renounce Religion, Potion Petition, Call Merchant, Bribe Branch


You escaped.
You worshipped Gozag.
Gozag was pleased with you.
You visited 1 branch You collected 6697 gold pieces.
You spent 2660 gold pieces at shops.
You paid 3216 gold pieces to Gozag.

Inventory:

Jewellery
 b - a ring of poison resistance
 i - an amulet of guardian spirit
 k - the ring of Zuotit (left paw) {Int+6 Dex+4}
   (You acquired it in the Dungeon)

   [ring of intelligence]

   Int:       It affects your intelligence (+6).
   Dex:       It affects your dexterity (+4).
 s - a ring of protection from fire (right paw)
 u - a ring of fire
 v - an amulet of the acrobat (around neck)
Wands
 d - a wand of iceblast (8)
 e - a wand of digging (2)
Scrolls
 c - a scroll of fear
 j - 2 scrolls of poison
 l - 2 scrolls of amnesia
 m - a scroll of fog
 o - 2 scrolls of magic mapping
 p - a scroll of immolation
 q - a scroll of torment
 r - a scroll of summoning
Potions
 a - 3 potions of magic
 g - a potion of cancellation
 n - a potion of mutation


   Skills:
 + Level 7.1 Fighting
 + Level 9.8 Dodging
 - Level 5.7 Stealth
 + Level 7.1 Unarmed Combat
 + Level 17.2 Spellcasting
 - Level 6.8 Hexes
 + Level 18.9 Summonings
 + Level 1.1 Fire Magic


You had 23 spell levels left.
You knew the following spells:

 Your Spells              Type           Power      Damage    Failure   Level
a - Summon Small Mammal   Summ           100%       N/A       0%          1
b - Call Imp              Summ           90%        N/A       0%          2
c - Call Canine Familiar  Summ           90%        N/A       0%          3
d - Summon Guardian Gole  Hex/Summ       75%        N/A       1%          3
e - Summon Lightning Spi  Summ/Air       65%        N/A       1%          4
f - Summon Cactus Giant   Summ           45%        N/A       1%          6
g - Scorch                Fire           58%        2d8       1%          2

Your spell library contained the following spells:

 Spells                   Type           Power      Damage    Failure   Level
 Sublimation of Blood     Necr           23%        N/A       3%          2
 Flame Wave               Conj/Fire      26%        2d7       16%         4
 Petrify                  Tmut/Erth      23%        N/A       21%         4
 Irradiate                Conj/Tmut      11%        3d17      50%         5


Dungeon Overview and Level Annotations

Branches:
Dungeon (1/1)

Altars:
Cheibriados
Dithmenos
Elyvilon
Fedhas
Gozag
Hepliaklqana
Kikubaaqudgha
Makhleb
Nemelex Xobeh
Okawaru
Qazlal
Ru
Sif Muna
Trog
Uskayaw
Vehumet
Wu Jian
Xom
Yredelemnul
Zin
The Shining One
Jiyva
Lugonu

Shops:
D *??([*:[=[:***(([?:[!

Annotations:
D Tiamat


Innate Abilities, Weirdness & Mutations

You have sharp claws.
You have razor-sharp teeth.
You have supernaturally acute eyesight. (SInv)
You cover ground quickly. (Speed+)
You are covered in thick fur. (AC +2)
Your paws help you pounce on unaware monsters.
You are incapable of wielding weapons or throwing items.
You cannot wear armour.
You gain extra lives every three experience levels.


Message History

There is an open door here.
Things that are here:
a +2 dagger of draining; a +0 robe You see here a +0 leather armour.
There is an open door here.
There is an open door here.
There is an open door here.
You swap places.
You swap places.
Blink to where?
Press: ? - help, Dir - move target
As you read the scroll of blinking, it crumbles to dust.
You pick up the Orb of Zot!
The Orb lets out a hideous shriek!
The lords of Pandemonium are not amused.
Beware!
Now all you have to do is get back out of the dungeon!
Something screams, "Leave before doom catcheth thee!"
Blink to where?
Press: ? - help, Dir - move target
As you read the scroll of blinking, it crumbles to dust.
You swap places.
You swap places.
There is an open door here.
There is an open door here.
There is an open door here.
You see here a +0 leather armour.
Things that are here:
a +2 dagger of draining; a +0 robe
There is an open door here.
There is an open door here.
There is an open door here.
There is an open door, spattered with blood here.
You see here a +0 longbow.
There is an open door here.
Things that are here:
a +0 scythe; a +0 robe
There is an open door here.
You see here a +0 giant club.
There is an open door here.
There is a staircase leading out of the dungeon here.
You have escaped!

##################
#@.#..').#..)..#__
#..').#..'..#..'..
#..)####'#####'#__
#..####..#...#.###
#..#__####..##§#≈§
#..#_____##'#_§§§§
#⌠⌠#_.∩...'..._#≈≈
#..._..__##_.#'##C
#..#_____###'#.#[.


There were no monsters in sight!

Vanquished Creatures
  4 unseen horrors (D)
  A redback (D)
  A floating eye (D)
  A jelly (D)
  Ijyb (D)
8 creatures vanquished.

Vanquished Creatures (collateral kills)
  A hydra (D)
  2 centaur warriors (D)
  Sonja (D)
  A lindwurm (D)
  An oklob plant (D)
  8 shining eyes (D)
  2 unseen horrors (D)
  A kobold demonologist (D)
  A slime creature (D)
  Sigmund (D)
  A yak (D)
  9 hogs (D)
  A redback (D)
  6 floating eyes (D)
  An ogre (D)
  7 necrophages (D)
  7 jellies (D)
51 creatures vanquished.

Vanquished Creatures (others)
  A deep troll (D)
  A gargoyle (D)
  An unseen horror (D)
  A kobold demonologist (D)
  A hornet (D)
  4 hogs (D)
  2 ballistomycete spores (D)
11 creatures vanquished.

Grand Total: 70 creatures vanquished

Notes
Turn   | Place    | Note
-------+----------+-------------------------------------------
     0 | D        | jt the Felid Summoner began the quest for the Orb.
     0 | D        | Reached XP level 1. HP: 7/7 MP: 4/4
     4 | D        | Noticed Ijyb
    43 | D        | Killed Ijyb
    44 | D        | Reached skill level 5 in Summonings
    44 | D        | Reached XP level 2. HP: 4/11 MP: 1/8
   292 | D        | Learned a level 2 spell: Call Imp
   336 | D        | Noticed an ogre
   355 | D        | Killed an ogre
   356 | D        | Reached skill level 7 in Summonings
   356 | D        | Reached XP level 3. HP: 14/14 MP: 1/11
   356 | D        | Reached XP level 4. HP: 18/18 MP: 1/13
   360 | D        | Learned a level 3 spell: Call Canine Familiar
   464 | D        | Noticed Sigmund
   487 | D        | Killed Sigmund
   488 | D        | Reached skill level 9 in Summonings
   488 | D        | Reached XP level 5. HP: 10/21 MP: 6/16
   488 | D        | Gained mutation: You are covered in thick fur. (AC +2)
                  | [Felid growth]
   488 | D        | Reached XP level 6. HP: 11/24 MP: 6/17
   581 | D        | Learned a level 3 spell: Summon Guardian Golem
   642 | D        | Found a shimmering blue altar of Sif Muna.
   643 | D        | Found an ornate altar of the Wu Jian Council.
   644 | D        | Found a radiant altar of Vehumet.
   690 | D        | Found Usemeabe's Antique Weapon Emporium.
   690 | D        | Found an ancient bone altar of Kikubaaqudgha.
   690 | D        | Found a stormy altar of Qazlal.
   690 | D        | Found a blossoming altar of Fedhas.
   690 | D        | Found a bloodstained altar of Trog.
   690 | D        | Found an iron altar of Okawaru.
   690 | D        | Found a glowing golden altar of the Shining One.
   690 | D        | Found a glowing silver altar of Zin.
   690 | D        | Found a white marble altar of Elyvilon.
   690 | D        | Noticed a yak
   691 | D        | Found a hazy altar of Hepliaklqana.
   691 | D        | Found a hide-covered altar of Uskayaw.
   691 | D        | Found a sacrificial altar of Ru.
   714 | D        | Killed a yak
   715 | D        | Reached skill level 10 in Summonings
   717 | D        | Found a basalt altar of Yredelemnul.
   717 | D        | Found an opulent altar of Gozag.
   717 | D        | Found a snail-covered altar of Cheibriados.
   717 | D        | Found a shadowy altar of Dithmenos.
   719 | D        | Found a sparkling altar of Nemelex Xobeh.
   749 | D        | Became a worshipper of Gozag Ym Sagoz the Greedy
   775 | D        | Noticed Sonja
   794 | D        | Killed Sonja
   795 | D        | Reached skill level 12 in Summonings
   795 | D        | Reached XP level 7. HP: 11/27 MP: 8/22
   825 | D        | Found Biatoim's Assorted Antiques.
   833 | D        | Bought a glowing tourmaline ring for 90 gold pieces
   842 | D        | Noticed a shining eye
   842 | D        | Noticed a shining eye
   842 | D        | Noticed a shining eye
   843 | D        | Noticed a shining eye
   844 | D        | Reached XP level 8. HP: 24/31 MP: 14/24
   854 | D        | Paralysed by a floating eye for 2 turns
   859 | D        | Killed a shining eye
   860 | D        | Reached skill level 13 in Summonings
   866 | D        | Paralysed by a floating eye for 4 turns
   869 | D        | Killed a shining eye
   870 | D        | Reached skill level 14 in Summonings
   871 | D        | Reached XP level 9. HP: 29/34 MP: 17/26
   872 | D        | Noticed a shining eye
   883 | D        | Killed a shining eye
   884 | D        | Reached skill level 15 in Summonings
   892 | D        | Killed a shining eye
   906 | D        | Killed a shining eye
   917 | D        | Noticed a shining eye
   930 | D        | Killed a shining eye
   931 | D        | Reached skill level 16 in Summonings
   938 | D        | Noticed a shining eye
   938 | D        | Noticed a shining eye
   959 | D        | Killed a shining eye
   960 | D        | Reached skill level 15 in Spellcasting
   960 | D        | Reached XP level 10. HP: 37/37 MP: 23/30
   981 | D        | Killed a shining eye
  1005 | D        | Found Hufaf's Magic Scroll Shoppe.
  1005 | D        | Found Raumilop's Antique Armour Shop.
  1005 | D        | Found Viocyladgh's Magic Scroll Emporium.
  1005 | D        | Found Cooj's General Store.
  1022 | D        | Bought a potion of lignification for 42 gold pieces
  1022 | D        | Bought a wand of iceblast (1) for 70 gold pieces
  1029 | D        | Bought a scroll of identify for 22 gold pieces
  1029 | D        | Bought a scroll of poison for 38 gold pieces
  1175 | D        | Bought a scroll labelled POKLIXK QAMABE for 18 gold pieces
  1175 | D        | Bought a glowing puce potion for 16 gold pieces
  1175 | D        | Bought a scroll labelled ONEXUC DIATAK for 18 gold pieces
  1175 | D        | Bought a scroll labelled POBYWNOIM for 18 gold pieces
  1204 | D        | Bought a scroll of identify for 22 gold pieces
  1204 | D        | Bought a scroll of identify for 22 gold pieces
  1229 | D        | Learned a level 4 spell: Summon Lightning Spire
  1233 | D        | Noticed a deep troll
  1244 | D        | Killed a deep troll
  1245 | D        | Reached skill level 17 in Summonings
  1335 | D        | Found Izeegal's Armour Emporium.
  1362 | D        | Found a burning altar of Makhleb.
  1362 | D        | Found a viscous altar of Jiyva.
  1362 | D        | Found a shimmering altar of Xom.
  1362 | D        | Found a corrupted altar of Lugonu.
  1397 | D        | Noticed a sixfirhy
  1454 | D        | Noticed a lindwurm
  1466 | D        | Killed a lindwurm
  1467 | D        | Reached skill level 1 in Fighting
  1467 | D        | Reached skill level 1 in Unarmed Combat
  1634 | D        | Reached skill level 5 in Dodging
  1634 | D        | Reached skill level 18 in Summonings
  1717 | D        | Reached XP level 11. HP: 45/45 MP: 26/32
  1800 | D        | Noticed a centaur warrior
  1800 | D        | Noticed a centaur warrior
  1825 | D        | Shot with an arrow by a centaur warrior
  1826 | D        | Reached XP level 10. HP: -20/43 MP: 29/31
  1843 | D        | Killed a centaur warrior
  2031 | D        | Noticed an oklob plant
  2036 | D        | Killed an oklob plant
  2037 | D        | Reached skill level 5 in Fighting
  2037 | D        | Reached skill level 5 in Unarmed Combat
  2132 | D        | Killed a centaur warrior
  2410 | D        | Found Pot Ligu's Antique Armour Shoppe.
  2410 | D        | Found Yreodd's Book Shop.
  2410 | D        | Found Hellath's Jewellery Boutique.
  2412 | D        | Found Potrirch's Armour Emporium.
  2412 | D        | Found Wug Pedgh's Book Shop.
  2412 | D        | Found Luclia Geec's General Store.
  2412 | D        | Found Nugu Buiw's Assorted Antiques.
  2412 | D        | Found Kym Qiull's Assorted Antiques.
  2412 | D        | Found Badeq's Antique Weapon Shop.
  2412 | D        | Found Vielab's Weapon Shoppe.
  2417 | D        | Found Lucef's Armour Boutique.
  2418 | D        | Found Ydexej's Book Emporium.
  2418 | D        | Found Atahuam's Magic Scroll Boutique.
  2419 | D        | Found Edet's Distillery.
  2420 | D        | Bought a potion of heal wounds for 55 gold pieces
  2422 | D        | Bought a scroll labelled JAWNER SUANLY for 28 gold pieces
  2428 | D        | Bought a potion of mutation for 104 gold pieces
  2429 | D        | Bought a scroll of torment for 75 gold pieces
  2429 | D        | Bought a scroll of summoning for 95 gold pieces
  2429 | D        | Bought a scroll of acquirement for 520 gold pieces
  2430 | D        | Bought a book of Scorching for 300 gold pieces
  2437 | D        | Learned a level 6 spell: Summon Cactus Giant
  2487 | D        | Bought 2 scrolls of identify for 52 gold pieces
  2542 | D        | Bought an ivory ring for 130 gold pieces
  2543 | D        | Acquired the ring of Zuotit {Int+6 Dex+4}
  2549 | D        | Learned a level 2 spell: Scorch
  2610 | D        | Noticed a 12-headed hydra
  2640 | D        | Killed a 12-headed hydra
  2641 | D        | Reached XP level 11. HP: 49/49 MP: 15/33
  2644 | D        | Paralysed by a floating eye for 3 turns
  2743 | D        | Bought a ring of protection from fire for 325 gold pieces
  2928 | D        | Bought an amulet of the acrobat for 390 gold pieces
  3004 | D        | Noticed a daeva
  3019 | D        | Reached skill level 5 in Stealth
  3081 | D        | Reached skill level 1 in Fire Magic
  3262 | D        | Noticed a fire giant
  3266 | D        | Noticed a fire giant
  3268 | D        | Noticed a fire giant
  3269 | D        | Noticed a fire giant
  3291 | D        | Found the +4 dragonskin cloak
  3291 | D        | Noticed Tiamat
  3377 | D        | Bought a scroll of blinking for 210 gold pieces
  3457 | D        | Got the Orb of Zot
  3516 | D        | Escaped with the Orb!

Illustrated notes

Levels and vault maps discovered:
D:        dungeon_sprint_1 [red_sonja_temple_1, red_sonja_temple_small_1]

Skill      XL: |  1  2  3  4  5  6  7  8  9 10 11 |
---------------+----------------------------------+-----
Spellcasting   | 4 6 7 11 12 15 17 | 17.2
Summonings     | 5 7 9 12 14 16 18 | 18.9
Hexes          | 6 |  6.8
Fighting       | 6 7 |  7.1
Dodging        | 9 |  9.8
Unarmed Combat | 6 7 |  7.1
Stealth        | 4 5 |  5.7
Fire Magic     | 1 |  1.1

Action                   |  1- 3 |  4- 6 |  7- 9 | 10-12 || total
-------------------------+-------+-------+-------+-------++-------
Melee: Unarmed           |    11 |     1 |       |    23 ||    35
       Punch             |       |       |       |     1 ||     1
       Bite              |       |       |       |     1 ||     1
 Cast: Summon Small Mamm |    11 |     7 |     6 |    15 ||    39
       Call Imp          |     4 |     8 |     1 |    10 ||    23
       Call Canine Famil |       |     4 |       |    20 ||    24
       Summon Guardian G |       |     1 |     3 |    27 ||    31
       Summon Cactus Gia |       |       |       |     4 ||     4
       Summon Lightning  |       |       |       |     2 ||     2
       Scorch            |       |       |       |    14 ||    14
Invok: Potion Petition   |       |       |       |     1 ||     1
       Bribe Branch      |       |       |       |     1 ||     1
Evoke: Wand              |       |     1 |       |     2 ||     3
  Use: Potion            |     1 |       |     1 |     7 ||     9
       Scroll            |       |       |       |    10 ||    10
 Stab: Sleeping          |     1 |       |       |     1 ||     2
Armor: Skin              |       |       |       |    11 ||    11
Dodge: Dodged            |     6 |     4 |       |    65 ||    75

Table legend: (Time is in decaauts)
 A = Elapsed time spent in this place.
 B = Non-inter-level travel time spent in this place.
 C = Inter-level travel time spent in this place.
 D = Time resting spent in this place.
 E = Time spent auto-exploring this place.
 F = Levels seen in this place.
 G = Mean time per level.
                   A        B        C        D        E       F      G
               +--------+--------+--------+--------+--------+-----+--------+
         Total |   3225 |   2732 |    493 |   1219 |      0 |   1 | 3225.0 |
       Dungeon |   3225 |   2732 |    493 |   1219 |      0 |   1 | 3225.0 |
               +--------+--------+--------+--------+--------+-----+--------+

Top non-repeatable levels by time:
       D: 3225 daAuts
